 Dungeon Crawl Stone Soup version 0.30-b1-2-g02819fbbbe (webtiles) character file.

Game seed: 13308998688718696819

3119 Arum the Protected (level 10, -1/82 HPs)
             Began as a Formicid Fighter on May 12, 2023.
             Was a Believer of Dithmenos.
             Slain by an orc warlord
             ... wielding a +4 executioner's axe
              (35 damage)
             ... in a bailey.
             The game lasted 00:11:06 (5106 turns).

Arum the Protected (Formicid Fighter)               Turns: 5106, Time: 00:11:06

Health: -1/82      AC: 17    Str: 25    XL:     10   Next: 14%
Magic:  10/10      EV:  9    Int:  8    God:    Dithmenos [**....]
Gold:   635        SH:  6    Dex: 19    Spells: 9/9 levels left

rFire   . . .        b - +8 trident of the Octopus King {venom, rElec rPois}
rCold   + . .        c - +0 buckler
rNeg    . . .        u - +4 scale mail {rC+}
rPois   +            (helmet unavailable)
rElec   +            (no cloak)
rCorr   .            D - +0 pair of gloves
SInv    +            K - +2 pair of boots
Will    ++...        h - amulet of the acrobat Stlth
                     e - +6 ring of dexterity
HPRegen 0.33/turn    I - ring of willpower
MPRegen 0.12/turn

%: acrobat
@: mighty, wreathed by umbra, invisible
A: permanent stasis, dig shafts and tunnels, antennae 3, four strong arms
a: Dig, Renounce Religion, Shadow Step


You were in a bailey.
You worshipped Dithmenos.
Dithmenos was pleased with you.
You visited 1 branch of the dungeon, and saw 8 of its levels.
You also visited: Bailey.

You collected 635 gold pieces.

Inventory:

Hand Weapons
 a - a +0 flail
 b - the +8 trident of the Octopus King (weapon) {venom, rElec rPois}
   (You found it on level 3 of the Dungeon)

   rElec:     It insulates you from electricity.
   rPois:     It protects you from poison.
 k - a +1 halberd of pain
Missiles
 A - 5 javelins
Armour
 c - a +0 buckler (worn)
 u - a +4 scale mail of cold resistance (worn)
 D - a +0 pair of gloves (worn)
 K - a +2 pair of boots (worn)
Jewellery
 e - a +6 ring of dexterity (left hand)
 h - an amulet of the acrobat (around neck)
 i - a ring of poison resistance
 t - an amulet of magic regeneration
 I - a ring of willpower (right hand)
 L - a +6 ring of dexterity
Wands
 y - a wand of flame (29)
 N - a wand of roots (10)
Scrolls
 j - a scroll of enchant weapon {unknown}
 m - 3 scrolls of fog {unknown}
 r - a scroll of identify
 v - a scroll of torment {unknown}
 w - a scroll of noise {unknown}
 x - 2 scrolls of vulnerability {unknown}
 z - 2 scrolls of teleportation {unknown}
 B - a scroll of blinking {unknown}
 C - a scroll of brand weapon {unknown}
 F - a scroll of fear {unknown}
Potions
 d - a potion of haste
 f - a potion of attraction
 g - 4 potions of heal wounds
 l - 2 potions of flight
 n - 2 potions of brilliance
 o - 3 potions of resistance
 p - 2 potions of invisibility
 s - a potion of cancellation
 E - a potion of might
 G - 2 potions of mutation


   Skills:
 + Level 8.7 Fighting
 - Level 2.6 Maces & Flails
 + Level 8.1 Polearms
 + Level 8.7 Armour
 - Level 5.0 Shields


You had 9 spell levels left.
You didn't know any spells.
Your spell library contained the following spells:

 Spells                   Type           Power      Damage    Failure   Level
 Apportation              Tloc           0%         N/A       71%         1
 Magic Dart               Conj           0%         1d3       71%         1
 Call Imp                 Summ           0%         N/A       85%         2
 Ensorcelled Hibernation  Hex/Ice        0%         N/A       85%         2
 Passwall                 Tmut/Erth      0%         N/A       85%         2
 Sublimation of Blood     Necr           0%         N/A       85%         2
 Wereblood                Tmut           0%         N/A       85%         2
 Mephitic Cloud           Conj/Pois/Air  0%         N/A       97%         3
 Alistair's Intoxication  Tmut/Pois      0%         N/A       100%        5
 Summon Hydra             Summ           0%         N/A       100%        7
 Swiftness                Air            Unusable   N/A       N/A         3

Dungeon Overview and Level Annotations

Branches:
Dungeon (8/15)             Temple (0/1) D:6          Bailey (1/1)
   Lair: D:8-11

Altars:
Dithmenos
Fedhas
Wu Jian
Yredelemnul

Shops:
D:1 (


Innate Abilities, Weirdness & Mutations

You cannot be hasted, slowed, berserked, paralysed or teleported.
You can dig through walls and to a lower floor.
You have a pair of large antennae on your head. (SInv)
Your four strong arms can wield two-handed weapons with a shield.


Message History

You kill the goblin!
Dithmenos accepts your kill.
There is an open door here.
You enter the shallow water.
Moving in this stuff is going to be slow. ...and don't expect to remain undetected.
The orc warlord attacks as you move away!
The orc warlord misses you.
Reach: b) +8 trident of the Octopus King {venom, rElec rPois}
Press: ? - help, Dir - move target, f/p - orc warlord
Aim: an orc warlord, wielding a +4 executioner's axe and wearing a +0 chain mail (moderately wounded, unable to see you, very poisoned, umbra, about 22% to evade the +8 trident of the Octopus King)
You puncture the orc warlord!
The orc warlord is moderately wounded.
The orc warlord hits you with a +4 executioner's axe!!
Reach: b) +8 trident of the Octopus King {venom, rElec rPois}
Press: ? - help, Dir - move target, f/p - orc warlord
Aim: an orc warlord, wielding a +4 executioner's axe and wearing a +0 chain mail (moderately wounded, unable to see you, very poisoned, umbra, about 22% to evade the +8 trident of the Octopus King)
You puncture the orc warlord!
The orc warlord looks as sick as possible!
The orc warlord is moderately wounded.
The orc warlord hits you with a +4 executioner's axe!
Reach: b) +8 trident of the Octopus King {venom, rElec rPois}
Press: ? - help, Dir - move target, f/p - orc warlord
Aim: an orc warlord, wielding a +4 executioner's axe and wearing a +0 chain mail (moderately wounded, unable to see you, extremely poisoned, umbra, about 22% to evade the +8 trident of the Octopus King)
You catch the helpless orc warlord completely off-guard!
You impale the orc warlord!!
The orc warlord looks as sick as possible!
The orc warlord is heavily wounded.
The orc warlord hits you with a +4 executioner's axe!
Things that are here:
a boomerang; a kobold skeleton
There is an open door here.
Reach: b) +8 trident of the Octopus King {venom, rElec rPois}
Press: ? - help, Dir - move target, f/p - orc warlord
Aim: an orc warlord, wielding a +4 executioner's axe and wearing a +0 chain mail (severely wounded, unable to see you, very poisoned, umbra, about 22% to evade the +8 trident of the Octopus King)
You puncture the orc warlord!
The orc warlord looks as sick as possible!
The orc warlord is almost dead.
The orc warlord hits you with a +4 executioner's axe!!
You die...

~~.#~~.8...8.~~#(~~~...♣
~~.#~.........~#.~~~...♣♣
~~.#~....∩....~#(~~~...∩♣
~~.##.........##.~~~...♣♣
~~.#~..8...8..~#.~~~...♣
##'#~.........~#'###..♣♣
...#~=!8...8!)~#.(.##.♣
...##~~#####~~##o...##♣
....####...####.@....##
.........(..(.).......#
..8..........)).8..8..#
..........)...........#
.....(...............##
..8...##'''##...8...##
.....##.....##.....##
#...##.......##...##
#####.........#####≈≈


You could see an orc warlord (unable to see you, extremely poisoned).

Vanquished Creatures
  2 water moccasins (D:5)
  2 ice beasts
  3 black bears
  4 orc warriors (Bailey)
  5 ogres
  A centaur (D:6)
  2 phantoms (D:6)
  A bullfrog (D:7)
  A kobold brigand (D:8)
  4 scorpions
  5 wights (D:7)
  2 hounds
  2 gnoll boudas
  A jelly (D:6)
  5 orc priests
  7 iguanas
  A sleepcap (D:6)
  Ijyb (D:5)
  Terence (D:2)
  2 orc wizards
  Robin (D:5)
  4 gnolls
  4 adders
  A shadow imp (D:5)
  3 white imps
  An ufetubus (D:4)
  A worm (D:3)
  3 dart slugs
  19 orcs
  3 ball pythons
  4 endoplasms
  2 giant cockroaches
  16 goblins
  15 hobgoblins
  3 jackals
  24 kobolds
  A quokka (D:3)
  3 bats
  2 frilled lizards
  4 rats
166 creatures vanquished.

Notes
Turn   | Place    | Note
-------+----------+-------------------------------------------
     0 | D:1      | Arum the Formicid Fighter began the quest for the Orb.
     0 | D:1      | Reached XP level 1. HP: 18/18 MP: 1/1
   114 | D:1      | Reached XP level 2. HP: 24/24 MP: 2/2
   215 | D:1      | Found Aneeske's Antique Weapon Boutique.
   234 | D:1      | Found a faded altar of an unknown god.
   529 | D:2      | Reached XP level 3. HP: 29/29 MP: 3/3
   746 | D:2      | Noticed Terence
   760 | D:2      | Killed Terence
   761 | D:2      | Reached XP level 4. HP: 37/37 MP: 4/4
  1120 | D:3      | Found the +8 trident of the Octopus King {venom, rElec
                  | rPois}
  1247 | D:3      | Found a blossoming altar of Fedhas.
  1432 | D:3      | Noticed a black bear
  1439 | D:3      | Killed a black bear
  1440 | D:3      | Reached skill level 1 in Polearms
  1440 | D:3      | Reached skill level 5 in Shields
  1440 | D:3      | Reached XP level 5. HP: 37/43 MP: 5/5
  1466 | D:3      | You fall into a shaft and drop 3 floors!
  1483 | D:6      | Noticed a centaur
  1486 | D:6      | Killed a centaur
  1487 | D:6      | Reached XP level 6. HP: 35/49 MP: 6/6
  1588 | D:6      | Noticed an ogre
  1601 | D:6      | Killed an ogre
  1602 | D:6      | Reached skill level 5 in Fighting
  1602 | D:6      | Reached skill level 5 in Armour
  1602 | D:6      | Reached XP level 7. HP: 56/56 MP: 7/7
  1609 | D:6      | Found an ornate altar of the Wu Jian Council.
  1611 | D:6      | Found a basalt altar of Yredelemnul.
  1751 | D:5      | Entered Level 5 of the Dungeon
  1765 | D:5      | Noticed a water moccasin
  1770 | D:5      | Killed a water moccasin
  1821 | D:5      | Noticed Robin
  1828 | D:5      | Noticed Ijyb
  1829 | D:5      | Killed Robin
  1838 | D:5      | Killed Ijyb
  1851 | D:5      | Reached XP level 8. HP: 37/63 MP: 8/8
  1901 | D:5      | Reached skill level 5 in Polearms
  2396 | D:4      | Found a shadowy altar of Dithmenos.
  2410 | D:4      | Became a worshipper of Dithmenos the Shadowed
  2887 | D:4      | Identified the +7 short sword "Kuyll" {heavy, MP-9 Int+2
                  | Dex+6}
  2983 | D:4      | Reached XP level 9. HP: 36/71 MP: 9/9
  3111 | D:4      | Reached * piety under Dithmenos
  3818 | D:6      | Found a staircase to the Ecumenical Temple.
  4703 | D:8      | Reached ** piety under Dithmenos
  4740 | D:8      | Found a flagged portal.
  4757 | Bailey   | Entered a bailey
  4762 | Bailey   | Noticed an orc warlord
  4780 | Bailey   | Reached XP level 10. HP: 77/82 MP: 10/10
  4884 | Bailey   | Found a runed translucent gate.
  4884 | Bailey   | Found a runed translucent gate.
  4884 | Bailey   | Found a runed translucent gate.
  5106 | Bailey   | Slain by an orc warlord

Illustrated notes

Levels and vault maps discovered:
D:1:      dpeg_arrival_connections, layout_rooms, serial_shops, shop,
          hellmonk_ecumenical_altar_lost_god
D:2:      layout_loops_cross, uniq_terence
D:3:      layout_loops_ring, fedhas_ov_isle_minmay
D:4:      minmay_skewed_foursquare, layout_rooms, grunt_dithmenos_smoke,
          serial_glass, glass_columns_a, glass_columns_c, due_unseen_surprise,
          minmay_strange_pillars, item_on_display_a, feat_on_display
D:5:      layout_loops_ring, nicolae_goblin_pals
D:6:      layout_loops_ring, jmf_multi_god_temple, temple_green
D:7:      layout_cave_pools
D:8:      minmay_blocky_corners, layout_rooms, enter_bailey_4, uniq_maurice,
          uniq_maggie
Bailey:   bailey_axe_bossmonster_kennysheep, bailey

Skill      XL: |  1  2  3  4  5  6  7  8  9 10 |
---------------+-------------------------------+-----
Fighting       | 4 5 6 8 |  8.7
Polearms       | 1 2 3 4 6 7 8 |  8.1
Armour         | 4 5 6 8 |  8.7
Shields        | 5 |  5.0
Maces & Flails | |  2.6

Action                     |  1- 3 |  4- 6 |  7- 9 | 10-12 || total
---------------------------+-------+-------+-------+-------++-------
  Melee: Flail             |    59 |     8 |       |       ||    67
         Trident           |       |    43 |   261 |    43 ||   347
Ability: Dig               |       |       |     3 |       ||     3
    Use: Potion            |       |     1 |       |     2 ||     3
         Scroll            |       |       |     3 |    10 ||    13
   Stab: Invisible         |       |       |       |     1 ||     1
 Armour: Scale mail        |    20 |    18 |    54 |     4 ||    96
  Dodge: Dodged            |    28 |     5 |    71 |    10 ||   114
  Block: Buckler           |    18 |    13 |    57 |     7 ||    95
